 Dungeon Crawl Stone Soup version 0.19-a0-1834-g6b7851e (webtiles) character file.

7267 tsouns the Destroyer (level 10, -1/126 HPs)
             Began as a Deep Elf Conjurer on Oct 9, 2016.
             Was a Believer of Vehumet.
             Slain by eragonby's ghost (8 damage)
             ... on level 9 of the Dungeon.
             The game lasted 00:43:54 (9639 turns).

tsouns the Destroyer (Deep Elf Conjurer)            Turns: 9639, Time: 00:43:54

Health: -1/126     AC: 25    Str:  7    XL:     10   Next: 89%
Magic:  3/26       EV:  2    Int: 27    God:    Vehumet [**....]
Gold:   478        SH:  0    Dex: 20    Spells: 6 memorised, 10 levels left

rFire  . . .     SeeInvis .     g - +10 great sword of Foxzoh {venom, rC+ rN+ Str-3}
rCold  + . .     Gourm    .     (armour currently unavailable)
rNeg   + + +     Faith    .     (shield currently unavailable)
rPois  +         Spirit   .     (helmet currently unavailable)
rElec  .         Dismiss  .     (cloak currently unavailable)
rCorr  .         Reflect  .     (gloves currently unavailable)
MR     +....     Harm     .     (boots currently unavailable)
Stlth  .......... NoTele   +    (no amulet)
                                i - ring of poison resistance (curse)
                                n - +3 ring of intelligence

@: mighty, agile, berserking (expiring), tree-form, very quick
A: (icy blue scales 0), (thin metallic scales 0), (sturdy frame 0)
a: Renounce Religion


You were on level 9 of the Dungeon.
You worshipped Vehumet.
Vehumet was pleased with you.
You were not hungry.
You were a tree.
You visited 2 branches of the dungeon, and saw 10 of its levels.

You collected 478 gold pieces.

Inventory:

Hand Weapons
 f - a +0 blowgun
 g - the +10 great sword of Foxzoh (weapon) {venom, rC+ rN+ Str-3}
   (You acquired it on level 9 of the Dungeon)

   It poisons the flesh of those it strikes.
   It affects your strength (-3).
   It protects you from cold.
   It protects you from negative energy.
 y - a +2 short sword of flaming
 B - a +2 dagger of venom
Missiles
 e - 5 tomahawks (quivered)
 s - 8 curare-tipped needles
 C - a throwing net
 J - 6 javelins
Armour
 a - a +0 robe (melded)
 d - a +0 helmet (melded)
 p - a +1 pair of gloves (melded)
 x - a +0 pair of boots (melded)
Rods
 E - a +0 rod of clouds (10/10)
   (You found it on level 7 of the Dungeon)
Jewellery
 i - a cursed ring of poison resistance (right branch)
 n - a +3 ring of intelligence (left branch)
Wands
 v - a wand of disintegration (8/24)
 w - a wand of slowing (23/48)
 z - a wand of digging (5/24)
 D - a wand of lightning (7/15)
Scrolls
 l - 5 scrolls of remove curse
 o - 3 scrolls of recharging
 r - 2 scrolls of teleportation
 I - a scroll of magic mapping
Potions
 h - 4 potions of cancellation
 j - a potion of agility
 k - 2 potions of lignification
 m - a potion of cure mutation
 q - 6 potions of flight
 F - 2 potions of degeneration {unknown}
Comestibles
 c - 5 bread rations
 G - 3 fruits


   Skills:
 - Level 3.3 Fighting
 + Level 1.6 Long Blades
 - Level 5.2 Dodging
 - Level 7.8 Stealth
 - Level 10.3 Spellcasting
 - Level 13.6 Conjurations


You had 10 spell levels left.
You knew the following spells:

 Your Spells              Type           Power        Failure   Level  Hunger
a - Magic Dart            Conj           ####         0%          1    None
b - Searing Ray           Conj           ######       1%          2    None
c - Dazzling Spray        Conj/Hex       ######       1%          3    None
d - Iskenderun's Mystic   Conj           ######..     1%          4    None
e - Fulminant Prism       Conj/Hex       ######....   2%          4    None
f - Iskenderun's Battles  Conj/Chrm      ######..     10%         5    ####...


Dungeon Overview and Level Annotations

Branches:
Dungeon (9/15)             Temple (1/1) D:5            Lair (0/6) D:9
    Orc: D:9-12

Altars:
Ashenzari
Cheibriados
Dithmenos
Elyvilon
Fedhas
Gozag
Hepliaklqana
Kikubaaqudgha
Makhleb
Nemelex Xobeh
Okawaru
Qazlal
Ru
Sif Muna
Trog
Uskayaw
Vehumet
Xom
Yredelemnul
Zin
The Shining One

Shops:
D:9 :

Annotations:
D:8 1 runed door
D:9 eragonby's ghost, novice MiGl


Innate Abilities, Weirdness & Mutations

((You are partially covered in icy blue scales. (AC +2)))
((You are partially covered in thin metallic scales. (AC +2)))
((Your movements are slightly less encumbered by armour. (ER -2)))


Message History

It was a potion of lignification.
You turn into a tree.
Your +0 helmet melds into your body.
Your +1 pair of gloves melds into your body.
Your +0 pair of boots melds into your body.
Your +0 robe melds into your body.
Your roots penetrate the ground.
It was a potion of might.
You feel very mighty all of a sudden.
Okay, then.
You cannot teleport because you are held in place by your roots.
It was a potion of berserk rage.
A red film seems to cover your vision as you go berserk!
You feel yourself moving faster!
You feel mighty!
You cannot move.
You are too berserk!
You are too berserk!
You are too berserk!
You feel a strong urge to attack something.
You feel your anger subside.
You barely miss eragonby's ghost. Eragonby's ghost hits you!
You die...

######## #......# .
#......# ..
#####...(..##
...######.).+♣W..(.'.
........#)###...[..##
/.......#.# #....).#
....†...#.#
######..[.... #'#.#
....... ##.#'#######
....... #..........#
....... #..........#
...$... #..........#
#######


You could see eragonby's ghost.

Vanquished Creatures
  The ghost of IKeelU2 the Basher, a novice OgBe of Trog (D:8)
  2 polar bears (D:8)
  A two-headed ogre (D:9)
  Grinder (D:4)
  A hippogriff (D:9)
  Sigmund (D:6)
  Eustachio (D:6)
  2 yaks (D:8)
  A hungry ghost (D:8)
  2 soldier ants (D:8)
  3 water moccasins
  2 orc warriors
  2 sky beasts (D:5)
  4 ice beasts
  A necrophage (D:9)
  3 phantoms
  2 centaurs
  2 wolves (D:8)
  10 ogres
  A big kobold (D:8)
  2 bullfrogs (D:9)
  A scorpion (D:8)
  5 killer bees (D:8)
  6 crimson imps
  A bullfrog zombie (D:6)
  A howler monkey (D:4)
  A centaur zombie (D:5)
  4 hounds
  A jelly (D:9)
  2 orc priests
  5 bullfrog skeletons
  10 orc wizards
  2 iguanas
  12 worker ants
  A worker ant zombie (D:8)
  11 gnolls
  A howler monkey skeleton (D:7)
  7 adders
  2 white imps (D:8)
  A worker ant simulacrum (D:8)
  An ufetubus (D:8)
  2 oozes
  An adder zombie (D:8)
  3 adder skeletons
  2 worms
  An adder simulacrum (D:8)
  2 dart slugs (D:1)
  3 leopard geckos
  37 orcs
  7 bats
  11 giant cockroaches
  3 goblins
  14 hobgoblins
  5 jackals
  6 quokkas
  3 ball pythons
  9 frilled lizards
  9 kobolds
  A leopard gecko skeleton (D:4)
  A leopard gecko zombie (D:7)
  8 rats
  2 butterflies (D:8)
250 creatures vanquished.

Notes
Turn   | Place    | Note
-------+----------+-------------------------------------------
     0 | D:1      | tsouns the Deep Elf Conjurer began the quest for the Orb.
     0 | D:1      | Reached XP level 1. HP: 10/10 MP: 6/6
   212 | D:1      | Reached XP level 2. HP: 15/15 MP: 2/8
   285 | D:1      | Learned a level 2 spell: Searing Ray
   412 | D:1      | Reached skill level 5 in Conjurations
   953 | D:2      | Reached XP level 3. HP: 19/19 MP: 8/10
  1016 | D:2      | Learned a level 3 spell: Dazzling Spray
  1452 | D:3      | Reached XP level 4. HP: 24/24 MP: 9/12
  1457 | D:3      | Noticed a water moccasin
  1579 | D:3      | Killed a water moccasin
  1579 | D:3      | Reached skill level 6 in Conjurations
  1579 | D:3      | Reached XP level 5. HP: 27/28 MP: 5/14
  1727 | D:3      | Reached skill level 5 in Spellcasting
  1779 | D:3      | Found a glowing golden altar of the Shining One.
  1953 | D:3      | Learned a level 4 spell: Iskenderun's Mystic Blast
  1958 | D:3      | Learned a level 4 spell: Fulminant Prism
  1990 | D:3      | Gained mutation: You are partially covered in icy blue scales. (AC +2) [potion of mutation]
  1990 | D:3      | Gained mutation: Your movements are slightly less encumbered by armour. (ER -2) [potion of mutation]
  1990 | D:3      | Gained mutation: You are partially covered in thin metallic scales. (AC +2) [potion of mutation]
  1994 | D:3      | Reached skill level 7 in Conjurations
  2251 | D:3      | Reached XP level 6. HP: 27/32 MP: 6/16
  2783 | D:4      | Noticed Grinder
  2806 | D:4      | Killed Grinder
  2806 | D:4      | Reached skill level 8 in Conjurations
  2806 | D:4      | Reached XP level 7. HP: 36/36 MP: 2/18
  2987 | D:4      | Reached skill level 9 in Conjurations
  3538 | D:4      | Reached XP level 8. HP: 41/41 MP: 15/21
  3723 | D:5      | Entered Level 5 of the Dungeon
  3955 | D:5      | Reached skill level 10 in Conjurations
  4109 | D:5      | Found a stormy altar of Qazlal.
  4335 | D:5      | Found a glowing drain.
  4528 | D:5      | Found a staircase to the Ecumenical Temple.
  4543 | Temple   | Entered the Ecumenical Temple
  4604 | Temple   | Became a worshipper of Vehumet
  4898 | D:6      | Noticed Sigmund
  4902 | D:6      | Killed Sigmund
  4902 | D:6      | Reached skill level 5 in Stealth
  4968 | D:6      | Noticed Eustachio
  4976 | D:6      | Killed Eustachio
  4976 | D:6      | Reached XP level 9. HP: 45/45 MP: 2/24
  5135 | D:6      | Reached skill level 11 in Conjurations
  5880 | D:7      | Reached skill level 1 in Fighting
  6591 | D:8      | Reached * piety under Vehumet
  6591 | D:8      | Offered knowledge of Sting by Vehumet.
  6898 | D:8      | Noticed a polar bear
  6906 | D:8      | Killed a polar bear
  6906 | D:8      | Reached skill level 10 in Spellcasting
  7087 | D:8      | Reached skill level 12 in Conjurations
  7426 | D:8      | Found a runed door.
  7442 | D:8      | Found a runed door.
  7447 | D:8      | Reached XP level 10. HP: 54/54 MP: 16/26
  7640 | D:8      | Reached ** piety under Vehumet
  7754 | D:8      | Offered knowledge of Throw Flame by Vehumet.
  7761 | D:8      | Learned a level 5 spell: Iskenderun's Battlesphere
  7783 | D:8      | Reached skill level 5 in Dodging
  7822 | D:8      | HP: 1/56 [polar bear (12)]
  8136 | D:8      | Noticed IKeelU2's ghost (novice OgBe)
  8225 | D:8      | Killed IKeelU2's ghost
  8225 | D:8      | Reached skill level 13 in Conjurations
  8961 | D:9      | Found Jywkorar's Book Boutique.
  9186 | D:9      | Found a staircase to the Lair.
  9204 | D:9      | Noticed eragonby's ghost (novice MiGl)
  9590 | D:9      | Identified a scroll of acquirement
  9591 | D:9      | Got a translucent great sword
  9592 | D:9      | Identified the +10 great sword of Foxzoh {venom, rC+ rN+ Str-3} (You acquired it on level 9 of the Dungeon)
  9608 | D:9      | Offered knowledge of Mephitic Cloud by Vehumet.
  9608 | D:9      | Reached skill level 1 in Long Blades
  9629 | D:9      | HP: 2/56 [something (4)]
  9639 | D:9      | Slain by eragonby's ghost

Vault maps used:
D:1:      grunt_arrival_lava_bath
D:3:      first_bread, nicolae_tso_carved_into_rock
D:4:      uniq_grinder
D:5:      gup_sewer_entry_bubbles, nicolae_qazlal_eye_of_the_storm
D:6:      uniq_sigmund, uniq_eustachio
D:8:      lemuel_insect_pit, serial_ice, serial_ice_k, serial_ice_b,
          serial_ice_e, serial_ice_o
D:9:      minmay_shrinking_squares, lair_0_dummy, serial_shops, shop
Temple:   compressed_dpeg_circular_temple

Skill      XL: |  1  2  3  4  5  6  7  8  9 10 |
---------------+-------------------------------+-----
Conjurations   | 5 6 7 8 9 10 12 13 | 13.6
Spellcasting   | 4 5 6 7 9 10 | 10.3
Stealth        | 5 7 |  7.8
Fighting       | 2 3 |  3.3
Dodging        | 4 5 |  5.2
Long Blades    | 1 |  1.6

Action                   |  1- 3 |  4- 6 |  7- 9 | 10-12 || total
-------------------------+-------+-------+-------+-------++-------
Melee: Short sword       |       |     6 |     1 |       ||     7
       Whip              |       |       |     3 |       ||     3
       Spear             |       |       |    15 |       ||    15
       Great sword       |       |       |       |     2 ||     2
 Cast: Magic Dart        |    74 |    99 |   272 |    93 ||   538
       Searing Ray       |       |     1 |    18 |     9 ||    28
       Iskenderun's Myst |       |     4 |    51 |    46 ||   101
       Iskenderun's Batt |       |       |       |     7 ||     7
       Dazzling Spray    |       |       |       |     2 ||     2
Evoke: Wand              |       |       |       |     3 ||     3
  Use: Scroll            |       |     6 |     5 |     3 ||    14
       Potion            |       |     3 |       |     5 ||     8
 Stab: Sleeping          |       |       |     1 |       ||     1
  Eat: Chunk             |     1 |     4 |    10 |     2 ||    17
       Pizza             |       |     1 |     1 |       ||     2
       Beef jerky        |       |       |     2 |       ||     2
       Meat ration       |       |       |       |     1 ||     1
       Bread ration      |       |       |       |     1 ||     1
Armor: Robe              |       |     8 |    41 |    29 ||    78
Dodge: Dodged            |     2 |    25 |    82 |    59 ||   168
